2984 views
Uploaded 2020-02-28 13:55:39
Game version 1.32.2
13:10 long 3on3 ladder game on (6)BloodstoneMesa_LV
Saved by iggythefisk
2984 views
Uploaded 2020-02-28 13:55:39
Game version 1.32.2
13:10 long 3on3 ladder game on (6)BloodstoneMesa_LV

83 units @ 9.6k
/ 1k
33 buildings @ 5.1k
/ 1.9k
| Acolyte | 3 | 225 | / | 0 |
| total: | 3 | 225g | / | 0w |
| Altar of Darkness | 1 | 180 | / | 50 |
| Ziggurat | 2 | 300 | / | 100 |
| Crypt | 1 | 200 | / | 50 |
| total: | 4 | 680g | / | 200w |
| 0:08 | Acolyte |
| 0:09 | Acolyte |
| 0:12 | Altar of Darkness |
| 0:20 | Ziggurat |
| 0:42 | Crypt |
| 0:49 | Acolyte |
| 1:17 | Ziggurat |
| Right click | 43 |
| Select | 17 |
| Build/train/purchase | 5 |


| Potion of Mana | 1 | 200 |
| Rod of Necromancy | 1 | 150 |
| Ritual Dagger | 1 | 125 |
| Sacrificial Skull | 1 | 50 |
| Scroll of Regeneration | 1 | 100 |
| total: | 5 | 625g |
| Wisp | 20 | 1200 | / | 0 |
| Archer | 11 | 1430 | / | 110 |
| Dryad | 4 | 580 | / | 240 |
| Druid of the Claw | 3 | 765 | / | 240 |
| Ghoul | 5 | 600 | / | 0 |
| Crypt Fiend | 7 | 1505 | / | 280 |
| total: | 50 | 6080g | / | 870w |
| Altar of Elders | 1 | 180 | / | 50 |
| Moon Well | 5 | 900 | / | 200 |
| Ancient of War | 1 | 150 | / | 60 |
| Hunter's Hall | 1 | 210 | / | 100 |
| Tree of Life | 1 | 340 | / | 185 |
| Ancient of Lore | 2 | 310 | / | 290 |
| Tree of Ages | 1 | 320 | / | 180 |
| Tree of Eternity | 1 | 330 | / | 200 |
| Nerubian Tower | 2 | 200 | / | 40 |
| Graveyard | 1 | 215 | / | 0 |
| Ziggurat | 1 | 150 | / | 50 |
| Tomb of Relics | 1 | 130 | / | 30 |
| Halls of the Dead | 1 | 320 | / | 210 |
| total: | 14 | 2585g | / | 965w |
| 0:03 | Wisp |
| 0:05 | Altar of Elders |
| 0:11 | Wisp |
| 0:19 | Moon Well |
| 0:23 | Wisp |
| 0:37 | Ancient of War |
| 0:41 | Wisp |
| 0:58 | Wisp |
| 1:11 | Wisp |
| 1:15 | Wisp |
| 1:26 | Moon Well |
| 1:39 | Archer |
| 1:52 | Archer |
| 2:05 | Graveyard |
| 2:08 | Ghoul |
| 2:10 | Force of Nature |
| 2:22 | Archer |
| 2:24 | Wisp |
| 2:24 | Wisp |
| 2:32 | Impale |
| 2:36 | Ziggurat |
| 2:41 | Ghoul |
| 2:44 | Nerubian Tower |
| 2:46 | Nerubian Tower |
| 2:58 | Ghoul |
| 3:02 | Tree of Ages |
| 3:03 | Archer |
| 3:04 | Archer |
| 3:44 | Archer |
| 3:51 | Crypt Fiend |
| 3:55 | Tomb of Relics |
| 4:03 | Archer |
| 4:14 | Moon Well |
| 4:22 | Hunter's Hall |
| 5:00 | Rod of Necromancy |
| 5:00 | Ritual Dagger |
| 5:10 | Sacrificial Skull |
| 5:27 | Entangling Roots |
| 5:46 | Spiked Carapace |
| 5:55 | Tree of Life |
| 5:58 | Ancient of Lore |
| 6:00 | Ancient of Lore |
| 6:46 | Tree of Eternity |
| 6:49 | Improved Bows |
| 6:58 | Crypt Fiend |
| 7:02 | Ghoul |
| 7:02 | Ghoul |
| 7:04 | Trueshot Aura |
| 7:36 | Force of Nature |
| 8:05 | Scroll of Regeneration |
| 8:09 | Potion of Mana |
| 8:11 | Searing Arrows |
| 8:23 | Dryad |
| 8:23 | Dryad |
| 8:27 | Crypt Fiend |
| 8:27 | Crypt Fiend |
| 8:27 | Crypt Fiend |
| 8:35 | Strength of the Wild |
| 8:36 | Archer |
| 8:40 | Impale |
| 9:04 | Archer |
| 9:05 | Dryad |
| 9:32 | Trueshot Aura |
| 9:50 | Wisp |
| 9:50 | Wisp |
| 9:50 | Wisp |
| 9:50 | Wisp |
| 9:51 | Wisp |
| 9:53 | Wisp |
| 9:53 | Wisp |
| 10:04 | Halls of the Dead |
| 10:06 | Creature Attack |
| 10:07 | Creature Carapace |
| 10:09 | Druid of the Claw Adept Training |
| 10:14 | Moon Well |
| 10:17 | Reinforced Hides |
| 11:02 | Druid of the Claw Master Training |
| 11:02 | Druid of the Claw |
| 11:06 | Entangling Roots |
| 11:27 | Archer |
| 11:28 | Dryad |
| 11:56 | Druid of the Claw |
| 12:00 | Wisp |
| 12:00 | Wisp |
| 12:02 | Moon Well |
| 12:04 | Wisp |
| 12:04 | Wisp |
| 12:08 | Crypt Fiend |
| 12:08 | Crypt Fiend |
| 12:10 | Searing Arrows |
| 12:42 | Spiked Carapace |
| 12:58 | Archer |
| 12:59 | Druid of the Claw |
| Right click | 651 |
| Select | 370 |
| Assign group | 346 |
| Select group | 164 |
| Build/train/purchase | 93 |
| Misc. action | 57 |
| Chat | 38 |
| Use ability | 31 |
| Item give/drop | 2 |
| Remove unit | 2 |


| Scroll of Regeneration | 2 | 200 |
| Lesser Clarity Potion | 2 | 140 |
| Potion of Healing | 1 | 150 |
| Potion of Mana | 1 | 200 |
| Scroll of Town Portal | 1 | 350 |
| total: | 7 | 1040g |
| Peasant | 18 | 1350 | / | 0 |
| Footman | 7 | 945 | / | 0 |
| Rifleman | 4 | 820 | / | 120 |
| Priest | 1 | 135 | / | 10 |
| total: | 30 | 3250g | / | 130w |
| Scout Tower | 2 | 60 | / | 40 |
| Arcane Tower | 2 | 140 | / | 100 |
| Altar of Kings | 1 | 180 | / | 50 |
| Farm | 6 | 480 | / | 120 |
| Barracks | 1 | 160 | / | 60 |
| Blacksmith | 1 | 140 | / | 60 |
| Arcane Vault | 1 | 130 | / | 30 |
| Town Hall | 1 | 385 | / | 205 |
| Lumber Mill | 1 | 120 | / | 0 |
| Arcane Sanctum | 1 | 150 | / | 140 |
| Keep | 1 | 320 | / | 210 |
| Castle | 1 | 360 | / | 210 |
| total: | 15 | 1805g | / | 705w |
| 0:03 | Peasant |
| 0:03 | Peasant |
| 0:11 | Altar of Kings |
| 0:28 | Peasant |
| 0:35 | Farm |
| 0:38 | Peasant |
| 0:53 | Peasant |
| 1:05 | Barracks |
| 1:11 | Peasant |
| 1:17 | Farm |
| 1:22 | Peasant |
| 1:36 | Scout Tower |
| 1:40 | Peasant |
| 2:04 | Arcane Tower |
| 2:14 | Summon Water Elemental |
| 2:15 | Footman |
| 2:25 | Farm |
| 2:37 | Footman |
| 3:10 | Footman |
| 3:14 | Blacksmith |
| 3:30 | Footman |
| 3:43 | Brilliance Aura |
| 3:46 | Arcane Vault |
| 4:01 | Footman |
| 4:53 | Keep |
| 5:20 | Summon Water Elemental |
| 5:32 | Defend |
| 6:00 | Black Gunpowder |
| 6:36 | Farm |
| 6:48 | Footman |
| 7:15 | Peasant |
| 7:15 | Peasant |
| 7:15 | Peasant |
| 7:22 | Brilliance Aura |
| 7:29 | Town Hall |
| 7:33 | Scout Tower |
| 8:21 | Thunder Clap |
| 8:49 | Rifleman |
| 9:03 | Storm Bolt |
| 9:10 | Footman |
| 9:29 | Lumber Mill |
| 9:36 | Peasant |
| 9:38 | Peasant |
| 9:38 | Peasant |
| 9:38 | Peasant |
| 9:52 | Scroll of Regeneration |
| 9:54 | Lesser Clarity Potion |
| 9:54 | Lesser Clarity Potion |
| 9:56 | Scroll of Town Portal |
| 10:01 | Potion of Healing |
| 10:01 | Potion of Mana |
| 10:02 | Scroll of Regeneration |
| 10:08 | Peasant |
| 10:08 | Peasant |
| 10:43 | Peasant |
| 10:45 | Improved Lumber Harvesting |
| 10:45 | Advanced Lumber Harvesting |
| 10:47 | Arcane Sanctum |
| 11:34 | Summon Water Elemental |
| 11:43 | Rifleman |
| 11:43 | Rifleman |
| 11:46 | Thunder Clap |
| 12:00 | Castle |
| 12:04 | Priest |
| 12:38 | Rifleman |
| 13:03 | Farm |
| 13:05 | Farm |
| Select group | 852 |
| Right click | 598 |
| Select | 326 |
| Misc. action | 135 |
| Build/train/purchase | 128 |
| Assign group | 15 |
| Use ability | 11 |
| Item give/drop | 2 |
91 units @ 11.4k
/ 1.3k
45 buildings @ 5.9k
/ 2.3k


| Lesser Clarity Potion | 2 | 140 |
| Healing Salve | 2 | 200 |
| Scroll of Speed | 2 | 100 |
| Potion of Healing | 2 | 300 |
| Potion of Mana | 1 | 200 |
| total: | 9 | 940g |
| Peon | 9 | 675 | / | 0 |
| Troll Headhunter | 18 | 2520 | / | 360 |
| Troll Witch Doctor | 5 | 725 | / | 125 |
| total: | 32 | 3920g | / | 485w |
| Watch Tower | 1 | 110 | / | 80 |
| Altar of Storms | 1 | 180 | / | 50 |
| Orc Burrow | 3 | 480 | / | 120 |
| Barracks | 1 | 180 | / | 50 |
| War Mill | 1 | 205 | / | 0 |
| Voodoo Lounge | 1 | 130 | / | 30 |
| Spirit Lodge | 1 | 150 | / | 150 |
| Stronghold | 1 | 315 | / | 190 |
| Fortress | 1 | 325 | / | 190 |
| total: | 9 | 1435g | / | 480w |
| 0:05 | Peon |
| 0:07 | Altar of Storms |
| 0:17 | Peon |
| 0:23 | Orc Burrow |
| 0:35 | Peon |
| 0:57 | Barracks |
| 1:00 | Peon |
| 1:05 | War Mill |
| 1:23 | Peon |
| 1:31 | Peon |
| 1:42 | Orc Burrow |
| 2:02 | Peon |
| 2:12 | War Stomp |
| 2:16 | Troll Headhunter |
| 2:21 | Peon |
| 2:31 | Troll Headhunter |
| 2:45 | Troll Headhunter |
| 3:02 | Troll Headhunter |
| 3:05 | Peon |
| 3:30 | Troll Headhunter |
| 3:45 | Stronghold |
| 4:11 | Voodoo Lounge |
| 4:31 | Troll Headhunter |
| 4:34 | Orc Burrow |
| 4:53 | Troll Headhunter |
| 5:04 | Spiked Barricades |
| 5:08 | Troll Headhunter |
| 5:21 | Lesser Clarity Potion |
| 5:22 | Healing Salve |
| 5:23 | Scroll of Speed |
| 5:38 | Troll Headhunter |
| 5:44 | Troll Headhunter |
| 6:39 | Watch Tower |
| 6:56 | Endurance Aura |
| 7:15 | Spirit Lodge |
| 7:24 | Healing Salve |
| 7:24 | Lesser Clarity Potion |
| 7:25 | Scroll of Speed |
| 7:30 | Healing Wave |
| 8:34 | Troll Headhunter |
| 8:34 | Troll Witch Doctor |
| 8:35 | Troll Witch Doctor |
| 9:25 | Troll Headhunter |
| 9:25 | Troll Headhunter |
| 9:26 | Troll Witch Doctor |
| 9:55 | Troll Headhunter |
| 9:55 | Troll Headhunter |
| 9:58 | Fortress |
| 10:13 | Potion of Healing |
| 10:29 | Troll Headhunter |
| 11:15 | Serpent Ward |
| 11:31 | Troll Headhunter |
| 11:31 | Troll Headhunter |
| 11:31 | Troll Witch Doctor |
| 11:31 | Troll Witch Doctor |
| 12:25 | Potion of Mana |
| 12:33 | Potion of Healing |
| Right click | 436 |
| Select group | 275 |
| Select | 168 |
| Build/train/purchase | 62 |
| Assign group | 36 |
| Use ability | 22 |
| Misc. action | 9 |
| Item give/drop | 3 |
| Esc | 1 |


| Lesser Clarity Potion | 1 | 70 |
| Moonstone | 1 | 50 |
| total: | 2 | 120g |
| Wisp | 17 | 1020 | / | 0 |
| Archer | 5 | 650 | / | 50 |
| Huntress | 8 | 1560 | / | 160 |
| Dryad | 2 | 290 | / | 120 |
| Mountain Giant | 1 | 350 | / | 100 |
| total: | 33 | 3870g | / | 430w |
| Ancient Protector | 3 | 405 | / | 240 |
| Moon Well | 5 | 900 | / | 200 |
| Altar of Elders | 1 | 180 | / | 50 |
| Ancient of War | 1 | 150 | / | 60 |
| Ancient of Wonders | 1 | 90 | / | 30 |
| Hunter's Hall | 1 | 210 | / | 100 |
| Ancient of Lore | 2 | 310 | / | 290 |
| Tree of Ages | 1 | 320 | / | 180 |
| total: | 14 | 2245g | / | 970w |
| 0:05 | Wisp |
| 0:05 | Wisp |
| 0:07 | Moon Well |
| 0:10 | Altar of Elders |
| 0:31 | Wisp |
| 0:31 | Wisp |
| 0:56 | Ancient of War |
| 1:10 | Wisp |
| 1:27 | Wisp |
| 1:42 | Wisp |
| 1:42 | Wisp |
| 1:53 | Moon Well |
| 1:55 | Wisp |
| 1:55 | Wisp |
| 2:21 | Entangling Roots |
| 2:31 | Ancient of Wonders |
| 2:35 | Archer |
| 2:35 | Archer |
| 2:37 | Wisp |
| 3:50 | Archer |
| 3:54 | Hunter's Hall |
| 3:58 | Moon Well |
| 4:00 | Archer |
| 4:03 | Archer |
| 4:20 | Wisp |
| 4:20 | Wisp |
| 4:25 | Lesser Clarity Potion |
| 4:26 | Moonstone |
| 5:07 | Huntress |
| 5:07 | Huntress |
| 5:17 | Ancient Protector |
| 5:19 | Moon Well |
| 5:38 | Strength of the Moon |
| 6:05 | Moon Well |
| 6:52 | Moon Armor |
| 6:53 | Huntress |
| 6:56 | Tree of Ages |
| 7:20 | Force of Nature |
| 7:27 | Ancient Protector |
| 7:31 | Ancient Protector |
| 7:38 | Huntress |
| 8:39 | Huntress |
| 8:40 | Huntress |
| 9:17 | Ancient of Lore |
| 9:20 | Ancient of Lore |
| 9:23 | Huntress |
| 9:27 | Wisp |
| 9:27 | Wisp |
| 9:27 | Wisp |
| 10:17 | Huntress |
| 10:33 | Abolish Magic |
| 10:36 | Wisp |
| 11:03 | Silence |
| 11:34 | Dryad |
| 12:12 | Dryad |
| 12:14 | Mountain Giant |
| Right click | 443 |
| Select | 238 |
| Build/train/purchase | 46 |
| Use ability | 23 |
| Minimap ping | 15 |
| Assign group | 5 |
| Select group | 3 |

| Potion of Mana | 2 | 400 |
| total: | 2 | 400g |
| Peasant | 11 | 825 | / | 0 |
| Footman | 2 | 270 | / | 0 |
| Rifleman | 11 | 2255 | / | 330 |
| Priest | 2 | 270 | / | 20 |
| total: | 26 | 3620g | / | 350w |
| Scout Tower | 6 | 180 | / | 120 |
| Guard Tower | 5 | 350 | / | 250 |
| Altar of Kings | 1 | 180 | / | 50 |
| Barracks | 2 | 320 | / | 120 |
| Farm | 8 | 640 | / | 160 |
| Blacksmith | 1 | 140 | / | 60 |
| Lumber Mill | 1 | 120 | / | 0 |
| Arcane Vault | 1 | 130 | / | 30 |
| Town Hall | 1 | 385 | / | 205 |
| Arcane Sanctum | 1 | 150 | / | 140 |
| Keep | 2 | 640 | / | 420 |
| total: | 22 | 2245g | / | 885w |
| 0:03 | Peasant |
| 0:03 | Peasant |
| 0:06 | Altar of Kings |
| 0:11 | Barracks |
| 0:14 | Peasant |
| 0:28 | Farm |
| 0:46 | Peasant |
| 0:54 | Peasant |
| 0:57 | Peasant |
| 1:02 | Peasant |
| 1:08 | Farm |
| 1:31 | Peasant |
| 1:47 | Blacksmith |
| 1:50 | Peasant |
| 1:50 | Peasant |
| 1:56 | Lumber Mill |
| 2:09 | Footman |
| 2:09 | Footman |
| 2:12 | Holy Light |
| 2:28 | Peasant |
| 2:37 | Barracks |
| 2:45 | Farm |
| 3:44 | Farm |
| 4:13 | Rifleman |
| 4:14 | Rifleman |
| 4:27 | Farm |
| 4:38 | Black Gunpowder |
| 5:14 | Arcane Vault |
| 5:16 | Keep |
| 5:29 | Rifleman |
| 6:00 | Divine Shield |
| 6:30 | Rifleman |
| 6:34 | Studded Leather Armor |
| 7:12 | Rifleman |
| 7:18 | Farm |
| 7:46 | Scout Tower |
| 8:14 | Town Hall |
| 8:18 | Farm |
| 8:21 | Holy Light |
| 8:27 | Guard Tower |
| 8:29 | Scout Tower |
| 9:00 | Guard Tower |
| 9:21 | Farm |
| 9:42 | Rifleman |
| 9:42 | Rifleman |
| 10:08 | Scout Tower |
| 10:16 | Arcane Sanctum |
| 10:24 | Rifleman |
| 11:08 | Scout Tower |
| 11:09 | Guard Tower |
| 11:37 | Guard Tower |
| 11:40 | Scout Tower |
| 11:45 | Rifleman |
| 11:51 | Scout Tower |
| 11:54 | Priest |
| 11:55 | Priest |
| 12:15 | Guard Tower |
| 12:22 | Rifleman |
| 12:36 | Potion of Mana |
| 12:37 | Potion of Mana |
| 13:03 | Rifleman |
| Right click | 412 |
| Select | 162 |
| Build/train/purchase | 53 |
| Select group | 26 |
| Use ability | 15 |
| Assign group | 8 |
| Remove unit | 1 |
⇛